 Dungeon Sprint DCSS version 0.21.1-1-g345015f (webtiles) character file.

11200000 Fang the Axe Maniac (level 27, -22/271 (273) HPs)
             Began as a Minotaur Gladiator on May 22, 2018.
             Was the Champion of Makhleb.
             Annihilated by a meat berserker
             ... wielding a +9 battleaxe
              (42 damage)
             ... in the Dungeon (Sprint VIII: "Arena of Blood").
             The game lasted 00:01:19 (112 turns).

Fang the Axe Maniac (Minotaur Gladiator)             Turns: 112, Time: 00:01:19

HP:   -22/271 (273) AC:  6    Str: 29    XL:     27
MP:   38/53         EV: 32    Int:  5    God:    Makhleb [******]
Gold: 0             SH:  0    Dex: 15    Spells: 80/80 levels left

rFire    . . .     SeeInvis .   l - +∞ Axe of Woe
rCold    . . .     Gourm    .   (shield currently unavailable)
rNeg     . . .     Faith    .   b - +0 leather armour
rPois    .         Spirit   .   c - +0 hat
rElec    .         Reflect  .   (no cloak)
rCorr    .         Harm     .   (no gloves)
MR       ++...     NoTele   +   (no boots)
Stlth    +++++++++.             (no amulet)
HPRegen  0.55/turn              (no ring)
MPRegen  0.33/turn              (no ring)

@: no status effects
A: retaliatory headbutt, horns 2
a: Minor Destruction, Lesser Servant of Makhleb, Major Destruction, Greater
Servant of Makhleb, Renounce Religion


You were in the Dungeon.
You worshipped Makhleb.
Makhleb was exalted by your worship.
You were not hungry.

You visited 1 branch

Inventory:

Hand Weapons
 a - a +0 war axe
 l - the +∞ Axe of Woe (weapon)
   (You found it in the Dungeon)
Missiles
 d - 3 throwing nets (quivered)
Armour
 b - a +0 leather armour (worn)
 c - a +0 hat (worn)
Scrolls
 k - a scroll of blinking
Potions
 e - a potion of curing
 g - a potion of heal wounds
 h - a potion of haste
 i - 2 potions of magic
 j - a potion of berserk rage
Comestibles
 f - a ration


   Skills:
 O Level 27 Fighting
 O Level 27 Axes
 O Level 27 Throwing
 O Level 27 Armour
 O Level 27 Dodging
 O Level 27 Stealth
 O Level 27 Unarmed Combat
 O Level 27 Spellcasting
 O Level 27 Invocations


You had 80 spell levels left.
You didn't know any spells.

Dungeon Overview and Level Annotations

Branches:
Dungeon (1/1)

Altars:
Makhleb


Innate Abilities, Weirdness & Mutations

You reflexively headbutt those who attack you in melee.
You have a pair of horns on your head.


Message History

The destroyer blinks!
You hear a shout! x2
A bag of meat comes into view. It is wielding a +9 war axe.
You hear a shout! x3
The bag of meat moves out of view.
You hear a shout! x2
The destroyer hits you with a +9 great sword of slicing!!!!!
Ouch! That really hurt!
* * * LOW HITPOINT WARNING * * *
The destroyer bites you.
* * * LOW HITPOINT WARNING * * *
The destroyer draws strength from your injuries!
You hear a shout!
The scourge appears out of thin air!
A scourge comes into view.
The accursed casts a spell at you. Something smites you!
* * * LOW HITPOINT WARNING * * *
The meat berserker hits you with a +9 battleaxe!!!
You die...

..........#.#....
.......S....%.....
#.................
#..§.§.......%...
......§§§.)))......
.......§§§§§§......
.......#§))))MM#...
.#... #.§V§§).# .
.....###))O@)V.###.
......).)%###)......
..#...)))o._§.......
#......L#.....#o§...
......))#_.<._#.....
#.......#.....# o...
..#.o......_........
.....o....###.......
.....###... ..###.


You could see 2 accurseds, a tyrant, 2 destroyers, a scourge (wandering), a meat
berserker (berserk) and 2 bags of meat.

Vanquished Creatures
  Sigmund (D)
  5 hell beasts (D)
  Edmund (D)
  4 greater mummies (D)
  3 great orbs of eyes (D)
  5 wraiths (D)
  13 vampire knights (D)
  30 ogres (D)
  7 two-headed ogres (D)
  5 liches (D)
  61 orcs (D)
  4 phantoms (D)
  4 skeletal warriors (D)
  4 large abominations (D)
  8 small abominations (D)
  7 crawling corpses (D)
162 creatures vanquished.

Vanquished Creatures (others)
  3 crawling corpses (D)
3 creatures vanquished.

Grand Total: 165 creatures vanquished

Notes
Turn   | Place    | Note
-------+----------+-------------------------------------------
     0 | D        | Found the +∞ Axe of Woe
     0 | D        | Fang the Minotaur Gladiator began the quest for the Orb.
     0 | D        | Reached XP level 1. HP: 18/18 MP: 0/0
     3 | D        | Noticed a bag of meat
     3 | D        | Noticed a bag of meat
     4 | D        | Became a worshipper of Makhleb the Destroyer
     6 | D        | Noticed a bag of meat
     7 | D        | Noticed a meat berserker
     8 | D        | Noticed a bag of meat
     8 | D        | Killed a bag of meat
     8 | D        | Reached skill level 10 in Throwing
     8 | D        | Reached XP level 2. HP: 40/40 MP: 1/1
     8 | D        | Reached XP level 3. HP: 47/47 MP: 2/2
     8 | D        | Reached XP level 4. HP: 55/55 MP: 3/3
     8 | D        | Reached XP level 5. HP: 60/60 MP: 4/4
     8 | D        | Reached XP level 6. HP: 68/68 MP: 5/5
     8 | D        | Reached XP level 7. HP: 74/74 MP: 6/6
     8 | D        | Reached XP level 8. HP: 82/82 MP: 7/7
     8 | D        | Reached XP level 9. HP: 89/89 MP: 8/8
     8 | D        | Reached XP level 10. HP: 95/95 MP: 9/9
     8 | D        | Reached XP level 11. HP: 102/102 MP: 10/10
     8 | D        | Noticed a bag of meat
     9 | D        | Noticed a bag of meat
     9 | D        | Killed a meat berserker
     9 | D        | Reached * piety under Makhleb
     9 | D        | Reached XP level 12. HP: 117/117 MP: 11/11
     9 | D        | Reached XP level 13. HP: 124/124 MP: 12/12
    10 | D        | Noticed a bag of meat
    11 | D        | Killed a bag of meat
    11 | D        | Reached skill level 15 in Fighting
    11 | D        | Reached skill level 27 in Axes
    11 | D        | Reached XP level 14. HP: 135/135 MP: 13/13
    12 | D        | Noticed a meat berserker
    13 | D        | Noticed a meat berserker
    13 | D        | Killed a bag of meat
    13 | D        | Reached skill level 1 in Armour
    13 | D        | Killed a bag of meat
    13 | D        | Reached ** piety under Makhleb
    13 | D        | Reached skill level 27 in Dodging
    13 | D        | Reached XP level 15. HP: 155/155 MP: 14/14
    16 | D        | Reached skill level 5 in Armour
    16 | D        | Reached *** piety under Makhleb
    16 | D        | Reached XP level 16. HP: 182/182 MP: 15/15
    17 | D        | Noticed a meat berserker
    17 | D        | Noticed a meat berserker
    17 | D        | Killed a meat berserker
    17 | D        | Reached skill level 27 in Fighting
    18 | D        | Noticed a meat berserker
    19 | D        | Killed a meat berserker
    19 | D        | Reached skill level 27 in Throwing
    19 | D        | Reached XP level 17. HP: 147/191 MP: 16/16
    20 | D        | Noticed a meat berserker
    21 | D        | Killed a meat berserker
    21 | D        | Reached **** piety under Makhleb
    21 | D        | Reached skill level 27 in Armour
    22 | D        | Noticed a meat berserker
    22 | D        | Noticed a meat berserker
    22 | D        | Killed a meat berserker
    22 | D        | Reached XP level 18. HP: 200/200 MP: 16/30
    23 | D        | Noticed a meat berserker
    23 | D        | Noticed a meat berserker
    23 | D        | Killed a meat berserker
    23 | D        | Reached skill level 15 in Invocations
    23 | D        | Reached skill level 15 in Stealth
    23 | D        | Reached XP level 19. HP: 207/207 MP: 16/34
    24 | D        | Reached ***** piety under Makhleb
    25 | D        | Killed a meat berserker
    25 | D        | Reached skill level 15 in Spellcasting
    27 | D        | Noticed a destroyer
    27 | D        | Killed a meat berserker
    27 | D        | Reached XP level 20. HP: 209/216 MP: 16/40
    27 | D        | Killed a meat berserker
    28 | D        | Noticed a destroyer
    28 | D        | Noticed a destroyer
    28 | D        | Noticed a large bag of meat
    28 | D        | Noticed a destroyer
    28 | D        | Killed a meat berserker
    28 | D        | Reached skill level 27 in Unarmed Combat
    28 | D        | Reached XP level 21. HP: 224/224 MP: 17/43
    28 | D        | Reached ****** piety under Makhleb
    28 | D        | Reached skill level 27 in Invocations
    29 | D        | Reached skill level 27 in Stealth
    30 | D        | Noticed a large bag of meat
    30 | D        | Killed a destroyer
    31 | D        | Reached skill level 27 in Spellcasting
    31 | D        | Reached XP level 22. HP: 233/233 MP: 17/52
    33 | D        | Noticed a destroyer
    34 | D        | Killed a destroyer
    34 | D        | Killed a destroyer
    34 | D        | Reached XP level 23. HP: 240/240 MP: 18/53
    34 | D        | Killed a large bag of meat
    36 | D        | Noticed a destroyer
    36 | D        | Killed a large bag of meat
    36 | D        | Reached XP level 24. HP: 249/249 MP: 18/53
    37 | D        | Killed a destroyer
    37 | D        | Killed a destroyer
    38 | D        | Noticed a large bag of meat
    40 | D        | Reached XP level 25. HP: 257/257 MP: 19/53
    42 | D        | Noticed a large bag of meat
    45 | D        | Noticed a destroyer
    45 | D        | Reached XP level 26. HP: 266/266 MP: 21/53
    46 | D        | Killed a destroyer
    47 | D        | Killed a large bag of meat
    48 | D        | Reached XP level 27. HP: 273/273 MP: 21/53
    50 | D        | Killed a large bag of meat
    52 | D        | Noticed a large bag of meat
    52 | D        | Killed a destroyer
    54 | D        | Noticed a destroyer
    54 | D        | Noticed an accursed
    55 | D        | Noticed an accursed
    57 | D        | Killed a large bag of meat
    59 | D        | Killed a destroyer
    62 | D        | Killed an accursed
    63 | D        | Noticed a tyrant
    64 | D        | Noticed a destroyer
    64 | D        | Noticed a dread
    64 | D        | Noticed The Captor
    65 | D        | Noticed a tyrant
    65 | D        | Killed a dread
    65 | D        | Noticed a meat beast
    66 | D        | Noticed an accursed
    67 | D        | Killed a meat beast
    68 | D        | Killed a destroyer
    69 | D        | Noticed a dread
    69 | D        | Killed an accursed
    71 | D        | Noticed a destroyer
    72 | D        | Killed a dread
    73 | D        | Killed a destroyer
    74 | D        | Killed The Captor
    76 | D        | Noticed a dread
    76 | D        | Noticed a large bag of meat
    76 | D        | Killed a tyrant
    77 | D        | Killed a tyrant
    78 | D        | Killed an accursed
    80 | D        | Noticed a tyrant
    81 | D        | Noticed a large bag of meat
    81 | D        | Noticed a dread
    81 | D        | Noticed a meat beast
    83 | D        | Noticed a destroyer
    83 | D        | Killed a large bag of meat
    83 | D        | Killed a meat beast
    84 | D        | Noticed a destroyer
    84 | D        | Noticed a dread
    85 | D        | Killed a dread
    87 | D        | Killed a destroyer
    88 | D        | Noticed a meat beast
    90 | D        | Noticed an accursed
    91 | D        | Killed a tyrant
    92 | D        | Killed a dread
    93 | D        | Killed a meat beast
    94 | D        | Noticed a tyrant
    96 | D        | Noticed an accursed
    96 | D        | Noticed a meat beast
    96 | D        | Killed a destroyer
    97 | D        | Killed a large bag of meat
    98 | D        | Noticed a destroyer
    98 | D        | Noticed a meat beast
    99 | D        | Noticed an accursed
    99 | D        | Noticed a tyrant
   100 | D        | Killed an accursed
   101 | D        | Killed a dread
   102 | D        | Noticed a destroyer
   103 | D        | Killed a meat beast
   104 | D        | Killed a meat beast
   105 | D        | Noticed a tyrant
   105 | D        | Killed a destroyer
   106 | D        | Noticed a destroyer
   109 | D        | Killed a tyrant
   111 | D        | Noticed The Defiler
   111 | D        | Killed The Defiler
   111 | D        | Killed a tyrant
   112 | D        | Annihilated by a meat berserker

Skill      XL: |  1  2  3  4  5  6  7  8  9 10 11 12 13 14 15 16 17 18 19 20 21 |
---------------+----------------------------------------------------------------+-----
Fighting       | 11 14 15 19 26 27 | 27.0
Axes           | 20 25 27 | 27.0
Throwing       | 10 12 13 16 21 27 | 27.0
Dodging        | 19 23 24 27 | 27.0
Armour         | 2 6 22 27 | 27.0
Stealth        | 11 15 21 24 27 | 27.0
Unarmed Combat | 13 18 24 27 | 27.0
Spellcasting   | 9 12 17 19 27 | 27.0
Invocations    | 12 16 22 26 27 | 27.0

Action                   |  1- 3 |  4- 6 |  7- 9 | 10-12 | 13-15 | 16-18 | 19-21 | 22-24 | 25-27 || total
-------------------------+-------+-------+-------+-------+-------+-------+-------+-------+-------++-------
Melee: Executioner's axe |     1 |       |       |     1 |     4 |     5 |     8 |     7 |    59 ||    85
Armor: Leather armour    |       |       |       |       |       |       |       |       |     1 ||     1
Dodge: Dodged            |       |       |       |       |     1 |       |       |     2 |    11 ||    14
